 Dungeon Crawl Stone Soup version 0.29.1-13-g9f3cf754e1 (webtiles) character file.

Game seed: 6525469815223401062

116 melkoren the Poker (level 5, 0/49 HPs)
             Began as a Naga Gladiator on Jan 24, 2023.
             Was a Plaything of Xom.
             Slain by Sigmund
             ... wielding a +0 scythe
              (2 damage)
             ... on level 3 of the Dungeon.
             The game lasted 00:08:07 (2088 turns).

melkoren the Poker (Naga Gladiator)                 Turns: 2088, Time: 00:08:07

Health: 0/49       AC:  6    Str: 15 (16) XL:     5   Next: 0%
Magic:  5/5        EV:  5    Int:  9      God:    Xom [..*...]
Gold:   53         SH:  0    Dex: 14      Spells: 4/4 levels left

rFire   . . .      SeeInvis +   a - +0 trident
rCold   . . .      Faith    .   (no shield)
rNeg    . . .      Spirit   .   g - +0 chain mail
rPois   +          Reflect  .   c - +0 helmet
rElec   .          Harm     .   (no cloak)
rCorr   .          Rampage  .   (no gloves)
Will    .....                   (no barding)
Stlth   ..........              (no amulet)
HPRegen 0.16/turn               (no ring)
MPRegen 0.09/turn               (no ring)

@: attractive, very slow
A: AC +1, large, see invisible, deformed body, poison resistance, slowness 2,
spit poison 1, naga tail 1
a: Spit Poison, Renounce Religion


You were on level 3 of the Dungeon.
You worshipped Xom.
You were a toy of Xom.
You visited 1 branch of the dungeon, and saw 3 of its levels.

You collected 53 gold pieces.

Inventory:

Hand Weapons
 a - a +0 trident (weapon)
Missiles
 d - 3 throwing nets
 e - a javelin
 h - 3 silver boomerangs (quivered)
 k - 5 poisoned darts
Armour
 b - a +0 leather armour
 c - a +0 helmet (worn)
 g - a +0 chain mail (worn)
 i - a +0 ring mail
Scrolls
 j - a scroll of teleportation
Potions
 f - 2 potions of flight


   Skills:
 + Level 3.0 Fighting
 + Level 3.7 Polearms
 - Level 1.7 Throwing
 + Level 0.6 Armour
 + Level 3.1 Dodging
 - Level 2.7 Stealth


You had 4 spell levels left.
You didn't know any spells.
Your spell library contained the following spells:

 Spells                   Type           Power      Damage    Failure   Level
 Summon Small Mammal      Summ           0%         N/A       100%        1
 Call Canine Familiar     Summ           0%         N/A       100%        3
 Summon Guardian Golem    Hex/Summ       0%         N/A       100%        3


Dungeon Overview and Level Annotations

Branches:
Dungeon (3/15)

Altars:
Qazlal
Vehumet
Xom

Annotations:
D:3 Sigmund


Innate Abilities, Weirdness & Mutations

Your serpentine skin is tough. (AC +1)
You have supernaturally acute eyesight. (SInv)
Armour fits poorly on your strangely shaped body.
Your system is resistant to poisons. (rPois)
You cover ground very slowly.
You can spit poison.
You have a snake-like lower body.


Message History

Sigmund hits you with a +0 scythe.
* * * LOW HITPOINT WARNING * * *
You hit Sigmund.
Sigmund is lightly wounded.
Sigmund hits you but does no damage.
You closely miss Sigmund.
Sigmund is lightly wounded.
You closely miss Sigmund.
Sigmund is lightly wounded.
Sigmund gestures at you while chanting.
You are confused.
Sigmund hits you with a +0 scythe.
* * * LOW HITPOINT WARNING * * *
Things that are here:
a +0 whip; a purple potion; an orc corpse Unknown command.
Sigmund casts a spell at you. The magic dart hits you.
* * * LOW HITPOINT WARNING * * *
Sigmund hits you with a +0 scythe.
* * * LOW HITPOINT WARNING * * *
Sigmund barely misses you. Sigmund is attracted toward you.
The jackal is attracted toward you.
You hit Sigmund.
Sigmund is moderately wounded.
The jackal is attracted toward you. The goblin is attracted toward you.
Unknown command.
The goblin shouts!
You hit Sigmund.
Sigmund is moderately wounded.
You feel less confused.
The jackal bites you but does no damage.
Sigmund gestures at you while chanting. You resist with some effort.
The jackal bites you but does no damage.
You puncture Sigmund!
Sigmund is heavily wounded.
Sigmund hits you with a +0 scythe.
You die...
Xom cackles wildly!

..?....#
#.#>..#..# #
......# .# #
#.###...###.##.##
#
#................
. #
#.........§....##
#
....[.##..........
#?#####†###.#####
###.....@§....#
.......@hg#####
###########


You could see Sigmund, a jackal and a goblin.

Vanquished Creatures
  Jessica (D:2)
  Robin (D:2)
  An adder (D:2)
  2 worms (D:2)
  3 orcs (D:3)
  4 ball pythons
  2 endoplasms (D:1)
  2 giant cockroaches
  10 goblins
  8 hobgoblins (D:2)
  6 jackals
  3 kobolds
  2 quokkas
  6 bats
  2 frilled lizards (D:3)
  3 rats
56 creatures vanquished.

Vanquished Creatures (others)
  A plant (D:1)
1 creature vanquished.

Grand Total: 57 creatures vanquished

Notes
Turn   | Place    | Note
-------+----------+-------------------------------------------
     0 | D:1      | melkoren the Naga Gladiator began the quest for the Orb.
     0 | D:1      | Reached XP level 1. HP: 19/19 MP: 1/1
    88 | D:1      | Reached skill level 1 in Stealth
    92 | D:1      | Reached XP level 2. HP: 26/26 MP: 2/2
   390 | D:1      | Found a faded altar of an unknown god.
   426 | D:1      | Prayed at the altar of an unknown god.
   426 | D:1      | Became a worshipper of Xom of Chaos
   433 | D:1      | XOM: divination: magic mapping
   458 | D:1      | XOM: divination: detect items
   513 | D:1      | XOM: smoke on damage
   606 | D:1      | XOM: silly message
   671 | D:2      | Reached XP level 3. HP: 33/33 MP: 3/3
   730 | D:2      | Noticed Jessica
   757 | D:2      | Killed Jessica
   758 | D:2      | Reached XP level 4. HP: 21/40 MP: 4/4
   836 | D:2      | XOM: silly message
   910 | D:2      | Found a radiant altar of Vehumet.
   949 | D:2      | XOM: silly message
  1056 | D:2      | XOM: divination: detect items
  1212 | D:2      | Noticed Robin
  1225 | D:2      | Killed Robin
  1281 | D:2      | XOM: cloud trail
  1608 | D:2      | XOM: silly message
  1684 | D:2      | XOM: 3-stop teleportation journey
  1823 | D:3      | XOM: cloud trail
  1864 | D:3      | XOM: silly message
  1889 | D:3      | Found a stormy altar of Qazlal.
  2016 | D:3      | Noticed Sigmund
  2072 | D:3      | Reached XP level 5. HP: 13/49 MP: 5/5
  2073 | D:3      | XOM: divination: detect creatures
  2084 | D:3      | HP: 1/49 [Sigmund/+0 scythe (6)]
  2088 | D:3      | Slain by Sigmund

Illustrated notes

Levels and vault maps discovered:
D:1:      wander_arrival_fairy_ring, layout_loops_ring,
          chequers_ecumenical_altar_simple, due_unseen_surprise
D:2:      layout_loops_ring, basic_altar, minmay_pentomino_o4, uniq_jessica,
          uniq_robin
D:3:      layout_loops_ring, nicolae_qazlal_general_emergency, uniq_sigmund,
          uniq_grinder

Skill      XL: |  1  2  3  4 |
---------------+-------------+-----
Stealth        | 1 2 |  2.7
Dodging        | 3 |  3.1
Fighting       | 3 |  3.0
Polearms       | |  3.7
Throwing       | |  1.7
Armour         | |  0.6

Action                   |  1- 3 |  4- 6 || total
-------------------------+-------+-------++-------
Melee: Trident           |    63 |   140 ||   203
       Punch             |       |     1 ||     1
Throw: Throwing net      |       |     1 ||     1
 Abil: Spit Poison       |       |     1 ||     1
  Use: Scroll            |     2 |     3 ||     5
       Potion            |     1 |     2 ||     3
 Stab: Sleeping          |     1 |       ||     1
Armor: Leather armour    |     9 |       ||     9
       Ring mail         |     7 |     1 ||     8
       Chain mail        |       |    63 ||    63
Dodge: Dodged            |    30 |    39 ||    69
